 Dungeon Crawl Stone Soup version 0.30-a0-782-ge64f9170bb (webtiles) character file.

Game seed: 16830579413394386827

980 Oxelix the Grappler (level 7, -6/62 HPs)
             Began as a Troll Gladiator on Feb 18, 2023.
             Mangled by Maggie
             ... wielding a +1 broad axe of flaming
              (19 damage)
             ... on level 6 of the Dungeon.
             The game lasted 00:08:49 (3759 turns).

Oxelix the Grappler (Troll Gladiator)               Turns: 3759, Time: 00:08:50

Health: -6/62      AC:  4    Str: 25    XL:     7   Next: 96%
Magic:  0/6        EV: 10    Int:  4    God:
Gold:   133        SH:  0    Dex: 11    Spells: 6/6 levels left

rFire   . . .      SeeInvis .      - Unarmed
rCold   + . .      Faith    .    (no shield)
rNeg    . . .      Spirit   +    a - +0 robe
rPois   .          Reflect  .    b - +0 hat
rElec   .          Harm     .    (no cloak)
rCorr   .          Rampage  .    (gloves unavailable)
Will    .....                    (boots unavailable)
Stlth   +                        x - amulet of guardian spirit
HPRegen 1.10/turn                n - ring of flight
MPRegen 0.10/turn                o - ring of protection from cold

@: flying
A: large, unfitting armour, claws 3, regeneration 1, shaggy fur 1, tough skin 1
a: no special abilities


You were on level 6 of the Dungeon.
You visited 2 branches of the dungeon, and saw 7 of its levels.

You collected 320 gold pieces.
You spent 187 gold pieces at shops.

Inventory:

Missiles
 c - 5 throwing nets
 d - a large rock (quivered)
 j - 4 javelins
Armour
 a - a +0 robe (worn)
 b - a +0 hat (worn)
Jewellery
 n - a ring of flight (left claw)
 o - a ring of protection from cold (right claw)
 x - an amulet of guardian spirit (around neck)
Wands
 v - a wand of paralysis (14)
Scrolls
 g - a scroll of acquirement {unknown}
 i - 2 scrolls of fog
 k - a scroll of poison {unknown}
 l - 3 scrolls of identify
 m - a scroll of fear {unknown}
 p - a scroll of immolation {unknown}
 s - 2 scrolls of teleportation {unknown}
 u - 2 scrolls of magic mapping
Potions
 e - a potion of might {unknown}
 f - 2 potions of brilliance
 h - 11 potions of curing
 q - 5 potions of mutation
 r - 3 potions of heal wounds
 t - a potion of lignification {unknown}
 w - a potion of degeneration {unknown}


   Skills:
 - Level 1.5 Fighting
 - Level 1.7 Throwing
 - Level 2.4 Dodging
 * Level 9.7 Unarmed Combat


You had 6 spell levels left.
You didn't know any spells.
Your spell library contained the following spells:

 Spells                   Type           Power      Damage    Failure   Level
 Magic Dart               Conj           0%         1d3       50%         1
 Searing Ray              Conj           0%         2d4       65%         2
 Dazzling Flash           Conj/Hex       0%         N/A       86%         3
 Fulminant Prism          Conj/Hex       0%         3d5       99%         4
 Agony                    Necr           0%         N/A       100%        5
 Silence                  Hex/Air        0%         N/A       100%        5


Dungeon Overview and Level Annotations

Branches:
Dungeon (6/15)             Temple (1/1) D:4

Altars:
Ashenzari
Cheibriados
Dithmenos
Elyvilon
Gozag
Hepliaklqana
Kikubaaqudgha
Nemelex Xobeh
Okawaru
Qazlal
Ru
Sif Muna
Trog
Uskayaw
Vehumet
Wu Jian
Xom
Yredelemnul
Zin
The Shining One

Shops:
D:1 :   D:6 *

Annotations:
D:4 Eustachio
D:6 Maggie


Innate Abilities, Weirdness & Mutations

You are too large for most types of armour.
You have claws for hands.
Your natural rate of healing is unusually fast.
You are covered in fur. (AC +1)
You have tough skin. (AC +1)


Message History

You kill the ogre!
Things that are here:
a +0 giant club; an ogre corpse
Things that are here:
a +0 giant club; an ogre corpse Magic restored.
l - 3 scrolls of identify (gained 1)
Found a quarterstaff.
You now have 133 gold pieces (gained 10).
Found a scale mail.
Maggie the Vainglorious comes into view.
She is wielding a +1 broad axe of flaming.
Maggie shouts!
You see here a +0 quarterstaff.
Maggie is nearby!
You barely miss Maggie. You claw Maggie!
Maggie is lightly wounded.
Maggie hits you with a +1 broad axe of flaming!
Maggie burns you.
You barely miss Maggie.
Maggie is lightly wounded.
Maggie hits you with a +1 broad axe of flaming!
Maggie burns you.
You scratch Maggie but do no damage.
Maggie is lightly wounded.
Maggie barely misses you.
You barely miss Maggie.
Maggie is lightly wounded.
Maggie closely misses you.
You mangle Maggie!!
Maggie is heavily wounded.
Maggie hits you with a +1 broad axe of flaming!!
Maggie burns you!
* * * LOW HITPOINT WARNING * * *
You scratch Maggie.
Maggie is heavily wounded.
You mangle Maggie!!
Maggie is almost dead.
Maggie hits you with a +1 broad axe of flaming!!
You die...

*,*****..##.# #.# #.#
#.# ,,,,,,,.....# #.#
#.# #.#
*,*****#.##.#####.# #.#
#.# *,* #.##.##.##.#
#.# #.# *,*
#.##...#...###.#####.#
#.#
#.....###.(..........#
#.#
#..###.#..####.#######
#.#######.####.###..###
#.##...........)@@...#
#.##.####.####.....[.#
#.##.# #.# ##......#
#.##.# #.# *..##..##
#....# #.####.##*###
###..# #........,*
###.)####.####.##**
..........# #.*
###.#####.#***,*


You could see Maggie.

Vanquished Creatures
  Edmund (D:5)
  A black bear (D:5)
  An ogre (D:6)
  A centaur (D:4)
  A phantom (D:4)
  2 scorpions
  A bullfrog (D:6)
  A howler monkey (D:4)
  3 hounds (D:4)
  An iguana (D:5)
  7 gnolls (D:5)
  5 adders
  A shadow imp (D:6)
  An ufetubus (D:6)
  2 worms
  3 dart slugs
  3 orcs
  8 endoplasms
  4 giant cockroaches
  7 goblins
  5 hobgoblins
  3 jackals (D:3)
  3 quokkas
  7 bats
  2 frilled lizards
  10 kobolds
  10 rats
94 creatures vanquished.

Notes
Turn   | Place    | Note
-------+----------+-------------------------------------------
     0 | D:1      | Oxelix the Troll Gladiator began the quest for the Orb.
     0 | D:1      | Reached XP level 1. HP: 19/19 MP: 0/0
   103 | D:1      | Reached XP level 2. HP: 27/27 MP: 1/1
   228 | D:1      | Found Hygar's Book Shop.
   379 | D:1      | Reached skill level 4 in Unarmed Combat
   660 | D:2      | Reached XP level 3. HP: 33/33 MP: 2/2
   678 | D:2      | Found the +5 Force Lance {heavy, knockback}
  1264 | D:3      | Reached XP level 4. HP: 41/41 MP: 3/3
  1314 | D:3      | Reached skill level 5 in Unarmed Combat
  1523 | D:3      | Found an opulent altar of Gozag.
  1523 | D:3      | Found a glowing silver altar of Zin.
  1790 | D:4      | Noticed a phantom
  1796 | D:4      | Killed a phantom
  1797 | D:4      | Reached XP level 5. HP: 46/48 MP: 4/4
  1807 | D:4      | Found a staircase to the Ecumenical Temple.
  1810 | D:4      | Reached skill level 6 in Unarmed Combat
  1835 | Temple   | Entered the Ecumenical Temple
  2188 | D:4      | Reached XP level 6. HP: 54/55 MP: 5/5
  2208 | D:4      | Reached skill level 7 in Unarmed Combat
  2300 | D:4      | Found an ornate altar of the Wu Jian Council.
  2302 | D:4      | Found a snail-covered altar of Cheibriados.
  2304 | D:4      | Found an ancient bone altar of Kikubaaqudgha.
  2519 | D:4      | Noticed Eustachio
  2709 | D:5      | Entered Level 5 of the Dungeon
  2817 | D:5      | Reached skill level 8 in Unarmed Combat
  2866 | D:5      | Reached XP level 7. HP: 48/62 MP: 6/6
  2958 | D:5      | Noticed Edmund
  2969 | D:5      | Killed Edmund
  3171 | D:5      | Reached skill level 9 in Unarmed Combat
  3210 | D:5      | Found a basalt altar of Yredelemnul.
  3469 | D:6      | Found Zouniqis's General Store.
  3474 | D:6      | Bought a scroll of magic mapping for 112 gold pieces
  3474 | D:6      | Bought a potion of curing for 45 gold pieces
  3474 | D:6      | Bought a scroll of identify for 30 gold pieces
  3750 | D:6      | Noticed Maggie
  3759 | D:6      | Mangled by Maggie

Illustrated notes

Levels and vault maps discovered:
D:1:      lightli_arrival_quake, layout_loops_ring, serial_shops, shop_statue
D:2:      layout_loops_ring, minmay_unequal
D:3:      layout_rooms, grunt_temple_overflow_gold_and_silver,
          kennysheep_generic_room_4
D:4:      layout_loops_ring, grunt_temple_overflow_open,
          minmay_temple_entry_ruins, minmay_ruptured, uniq_eustachio
D:5:      layout_basic, lemuel_tele_altar, uniq_edmund
D:6:      layout_loops_ring, serial_shops, nicolae_shop_waterfront,
          grunt_decor_mini_mirrors, eino_small_chamber_without_monster,
          small_statue_intersection, uniq_maggie
Temple:   nicolae_temple_bog_church

Skill      XL: |  1  2  3  4  5  6  7 |
---------------+----------------------+-----
Unarmed Combat | 4 5 6 8 9 |  9.7
Fighting       | |  1.5
Throwing       | |  1.7
Dodging        | |  2.4

Action                     |  1- 3 |  4- 6 |  7- 9 || total
---------------------------+-------+-------+-------++-------
  Melee: Unarmed           |    87 |    81 |    53 ||   221
         Punch             |     2 |     2 |     5 ||     9
  Throw: Large rock        |     1 |       |       ||     1
    Use: Scroll            |       |       |     5 ||     5
   Stab: Sleeping          |     3 |     1 |       ||     4
 Armour: Robe              |    40 |    24 |     6 ||    70
  Dodge: Dodged            |    52 |    43 |    18 ||   113

Table legend: (Time is in decaauts)
 A = Elapsed time spent in this place.
 B = Non-inter-level travel time spent in this place.
 C = Inter-level travel time spent in this place.
 D = Time resting spent in this place.
 E = Time spent auto-exploring this place.
 F = Levels seen in this place.
 G = Mean time per level.
                   A        B        C        D        E       F      G
               +--------+--------+--------+--------+--------+-----+--------+
         Total |   3734 |   3620 |    114 |      0 |   2871 |   7 |  533.4 |
       Dungeon |   3511 |   3402 |    109 |      0 |   2728 |   6 |  585.2 |
        Temple |    222 |    217 |      5 |      0 |    143 |   1 |  222.0 |
               +--------+--------+--------+--------+--------+-----+--------+

Top non-repeatable levels by time:
     D:4: 701 daAuts
     D:5: 694 daAuts
     D:1: 654 daAuts
     D:2: 596 daAuts
     D:3: 520 daAuts
     D:6: 343 daAuts
  Temple: 222 daAuts
